 Dungeon Crawl Stone Soup version 0.24.0-123-gd5b16e6ec5 (console) character file.

Game seed: 10450712512362300977, levelgen mode: deterministic

88 Ignak the Magician (level 4, -3/32 HPs)
             Began as a Gnoll Wizard on Dec 17, 2019.
             Slain by an iguana (12 damage)
             ... on level 4 of the Dungeon.
             The game lasted 00:09:35 (2393 turns).

Ignak the Magician (Gnoll Wizard)                   Turns: 2393, Time: 00:09:36

Health: -3/32      AC:  3    Str:  8 (9)  XL:     4   Next: 54%
Magic:  6/13       EV: 14    Int: 21 (22) God:
Gold:   144        SH:  0    Dex: 11 (13) Spells: 6/17 levels left

rFire    + . .     SeeInvis .   v - +2 spear (venom)
rCold    + . .     Gourm    .   (no shield)
rNeg     . . .     Faith    .   a - +0 robe
rPois    +         Spirit   .   b - +0 hat
rElec    +         Reflect  .   m - +0 cloak
rCorr    +         Harm     .   (no gloves)
MR       .....                  (no boots)
Stlth    ++........             (no amulet)
HPRegen  0.10/turn              (no ring)
MPRegen  0.13/turn              (no ring)

@: resistant (expiring), berserk cooldown, very slightly contaminated, slowed,
very slow
A: distributed training, fangs 1, strong nose
a: no special abilities


You were on level 4 of the Dungeon.
You were hungry.

You visited 1 branch of the dungeon, and saw 4 of its levels.

You collected 144 gold pieces.

Inventory:

Hand Weapons
 j - a +2 dagger of speed
 k - a +1 short sword of freezing
 v - a +2 spear of venom (weapon)
Armour
 a - a +0 robe (worn)
 b - a +0 hat (worn)
 g - a +0 shield
 m - a +0 cloak (worn)
Wands
 r - a wand of acid (6)
Scrolls
 c - a scroll of blinking
 e - 2 scrolls of magic mapping
 i - 2 scrolls of identify
 l - 2 scrolls of teleportation
 q - a scroll of enchant weapon {unknown}
 u - a scroll of enchant armour {unknown}
Potions
 h - 2 potions of resistance
Comestibles
 d - 11 rations


   Skills:
 + Level 1.1 Fighting
 + Level 1.1 Short Blades
 + Level 1.1 Long Blades
 + Level 1.1 Axes
 + Level 1.1 Maces & Flails
 + Level 1.1 Polearms
 + Level 1.1 Staves
 + Level 1.1 Slings
 + Level 1.1 Bows
 + Level 1.1 Crossbows
 + Level 1.1 Throwing
 + Level 1.1 Armour
 + Level 4.6 Dodging
 + Level 4.2 Stealth
 + Level 1.1 Shields
 + Level 1.1 Unarmed Combat
 + Level 7.2 Spellcasting
 + Level 2.2 Conjurations
 + Level 0.9 Hexes
 + Level 0.9 Charms
 + Level 2.2 Summonings
 + Level 0.9 Necromancy
 + Level 2.2 Translocations
 + Level 0.9 Transmutations
 + Level 0.9 Fire Magic
 + Level 0.9 Ice Magic
 + Level 0.9 Air Magic
 + Level 0.9 Earth Magic
 + Level 0.9 Poison Magic
 + Level 1.2 Invocations
 + Level 1.1 Evocations


You had 6 spell levels left.
You knew the following spells:

 Your Spells              Type           Power        Failure   Level  Hunger
a - Magic Dart            Conj           ###.         3%          1    None
b - Blink                 Tloc           N/A          5%          2    None
c - Conjure Flame         Conj/Fire      ##......     14%         3    None
d - Mephitic Cloud        Conj/Pois/Air  ##......     14%         3    None
e - Call Imp              Summ           ###.....     5%          2    None

Your spell library contained the following spells:

 Spells                   Type           Power        Failure   Level  Hunger
 Slow                     Hex            ##......     9%          2    None
 Ignite Poison            Fire/Tmut/Pois ##......     19%         3    None
 Fireball                 Conj/Fire      ##........   77%         5    #####..
 Bolt of Fire             Conj/Fire      ##........   100%        6    ######.
 Ring of Flames           Chrm/Fire      ##........   100%        7    #######
 Ignition                 Fire           ##........   100%        8    #######


Dungeon Overview and Level Annotations

Branches:
Dungeon (4/15)             Temple (0/1) D:4

Altars:


Innate Abilities, Weirdness & Mutations

Your experience applies equally to all skills.
You have very sharp teeth.
Your uncanny sense of smell can sniff out nearby items.


Message History

Press: ? - help, Shift-Dir - straight line, f - orc wizard
Aim: an orc wizard, wielding a +0 dagger and wearing a +0 robe (moderately wounded, fast)
The ball explodes into a vile cloud!
The stinking cloud engulfs the orc wizard but does no damage.
The orc wizard is moderately wounded.
The stinking cloud engulfs your crimson imp but does no damage.
Your crimson imp is lightly wounded.
The stinking cloud engulfs the leopard gecko skeleton but does no damage.
The orc wizard is engulfed in noxious fumes.
The orc wizard appears confused.
Your crimson imp hits the iguana.
Your crimson imp hits the orc wizard.
The iguana misses you.
The orc wizard is engulfed in noxious fumes.
The orc wizard appears confused.
The leopard gecko skeleton misses your crimson imp.
Your crimson imp hits the iguana.
It was a potion of curing.
You feel better. The iguana closely misses you.
The leopard gecko skeleton closely misses your crimson imp.
Your crimson imp blinks!
The iguana bites you!
You die...

,,,,,.........####*,,*,* *,,
,,,,,*#..........#**,*,* *,,
,,,,,*#..........# *,,,* *****,,
***####..........# **,,* *,,,,,,
,,........o5.....#***,∆****,,,,,,
**######...!°○...#*,,,,,,,*,,,,,,
,,,,.........°...#*,,,,,,,*,,,,,,
****########○Z○.5#*,,,,,,,*,,,,,,
#..§l@#*,,,,,,,*,,,,,,
#######*,,,>,,,,,,,,,,
*,,,,,,,******* *,,,,,,,*
*,,,,,,,* *,,,,,,,* *********


You could see an iguana, an orc wizard (confused), a leopard gecko skeleton and
2 friendly crimson imps.

Vanquished Creatures
  2 adders
  An adder skeleton (D:2)
  A worm (D:3)
  A dart slug (D:1)
  A leopard gecko (D:1)
  2 orcs (D:4)
  5 giant cockroaches
  9 goblins
  4 hobgoblins
  4 jackals
  2 quokkas
  A ball python (D:1)
  5 bats
  3 frilled lizards
  9 kobolds
  9 rats
59 creatures vanquished.

Vanquished Creatures (collateral kills)
  An orc (D:4)
1 creature vanquished.

Grand Total: 60 creatures vanquished

Notes
Turn   | Place    | Note
-------+----------+-------------------------------------------
     0 | D:1      | Ignak the Gnoll Wizard began the quest for the Orb.
     0 | D:1      | Reached XP level 1. HP: 13/13 MP: 8/8
   122 | D:1      | Reached XP level 2. HP: 19/19 MP: 2/10
   472 | D:1      | Learned a level 2 spell: Blink
   475 | D:1      | Learned a level 2 spell: Call Imp
   510 | D:1      | Reached XP level 3. HP: 25/25 MP: 11/11
   517 | D:1      | Learned a level 3 spell: Conjure Flame
   521 | D:1      | Learned a level 3 spell: Mephitic Cloud
  1168 | D:2      | Reached skill level 1 in Invocations
  1426 | D:2      | Reached skill level 1 in Fighting
  1426 | D:2      | Reached skill level 1 in Short Blades
  1426 | D:2      | Reached skill level 1 in Long Blades
  1426 | D:2      | Reached skill level 1 in Axes
  1426 | D:2      | Reached skill level 1 in Maces & Flails
  1426 | D:2      | Reached skill level 1 in Polearms
  1426 | D:2      | Reached skill level 1 in Staves
  1426 | D:2      | Reached skill level 1 in Slings
  1426 | D:2      | Reached skill level 1 in Bows
  1426 | D:2      | Reached skill level 1 in Crossbows
  1426 | D:2      | Reached skill level 1 in Throwing
  1426 | D:2      | Reached skill level 1 in Armour
  1426 | D:2      | Reached skill level 1 in Shields
  1426 | D:2      | Reached skill level 1 in Unarmed Combat
  1426 | D:2      | Reached skill level 1 in Evocations
  1426 | D:2      | Reached XP level 4. HP: 27/32 MP: 5/13
  2393 | D:4      | Slain by an iguana

Levels and vault maps discovered:
D:1:      tarquinn_simple_flora_water_f, layout_basic, feat_on_display
D:2:      layout_basic, first_ration
D:3:      layout_loops_ring, serial_glass, glass_columns_b, glass_columns_a,
          minmay_door_square
D:4:      layout_basic, temple_pool_b

Skill      XL: |  1  2  3 |
---------------+----------+-----
Conjurations   | 2 |  2.2
Summonings     | 2 |  2.2
Translocations | 2 |  2.2
Invocations    | 1 |  1.2
Fighting       | 1 |  1.1
Short Blades   | 1 |  1.1
Long Blades    | 1 |  1.1
Axes           | 1 |  1.1
Maces & Flails | 1 |  1.1
Polearms       | 1 |  1.1
Staves         | 1 |  1.1
Slings         | 1 |  1.1
Bows           | 1 |  1.1
Crossbows      | 1 |  1.1
Throwing       | 1 |  1.1
Armour         | 1 |  1.1
Shields        | 1 |  1.1
Unarmed Combat | 1 |  1.1
Evocations     | 1 |  1.1
Dodging        | |  4.6
Stealth        | |  4.2
Spellcasting   | |  7.2
Hexes          | |  0.9
Charms         | |  0.9
Necromancy     | |  0.9
Transmutations | |  0.9
Fire Magic     | |  0.9
Ice Magic      | |  0.9
Air Magic      | |  0.9
Earth Magic    | |  0.9
Poison Magic   | |  0.9

Action                   |  1- 3 |  4- 6 || total
-------------------------+-------+-------++-------
Melee: Unarmed           |     4 |       ||     4
       Dagger            |    22 |       ||    22
       Short sword       |    45 |    14 ||    59
       Bite              |     4 |     1 ||     5
       Spear             |       |    22 ||    22
 Cast: Magic Dart        |    35 |     2 ||    37
       Blink             |     2 |       ||     2
       Call Imp          |       |     3 ||     3
       Mephitic Cloud    |       |     1 ||     1
  Use: Potion            |       |     5 ||     5
       Scroll            |       |     4 ||     4
 Stab: Sleeping          |    10 |     3 ||    13
  Eat: Chunk             |     1 |     3 ||     4
Armor: Robe              |    13 |     5 ||    18
Dodge: Dodged            |    48 |    17 ||    65
